 Dungeon Crawl Stone Soup version 0.28-a0-664-gc179e30c89 (webtiles) character file.

Game seed: 6036146162873499160

1890 MacCMillion the Magician (level 9, -10/63 HPs)
             Began as a Djinni Ice Elementalist on Oct 14, 2021.
             Was a Follower of Ashenzari.
             Mangled by an orc warrior (18 damage)
             ... in a bailey.
             The game lasted 00:34:34 (11255 turns).

MacCMillion the Magician (Djinni Ice Elementalist) Turns: 11255, Time: 00:34:34

Health: -10/63     AC:  0    Str: 10    XL:     9   Next: 37%
Gold:   223        EV: 13    Int: 16    God:    Ashenzari [*.....] SH:  0 Dex: 15

rFire   + + +      SeeInvis .   a - +2 dagger "Mantic Mistrust" {venom, Melee, Range} (curse)
rCold   . . .      Faith    .   (no shield)
rNeg    . . .      Spirit   .   (no armour)
rPois   ∞          Reflect  .   (no helmet)
rElec   .          Harm     .   n - scarf {rC+ rF+}
rCorr   .          Rampage  .   (no gloves)
Will    +....                   (boots unavailable)
Stlth   ++........              (no amulet)
HPRegen 0.20/turn               N - ring of Lurch {rF+ Slay+4}
MPRegen 0.00/turn               B - ring "Restrained With Me" {Will+, Evo, Self} (curse)

@: flying
A: sickness immunity, fire resistance 2, cold vulnerability 1, float, innate
caster, hp casting, extra vitality 1
a: Renounce Religion, Curse Item, Shatter the Chains


You were in a bailey.
You worshipped Ashenzari.
Ashenzari was aware of your devotion.
You visited 1 branch of the dungeon, and saw 7 of its levels.
You also visited: Bailey.

You collected 272 gold pieces.
You spent 49 gold pieces at shops.

Inventory:

Hand Weapons
 a - the cursed +2 dagger "Mantic Mistrust" (weapon) {venom, Melee, Range}
   (You took it off a kobold on level 2 of the Dungeon)

   It poisons the flesh of those it strikes.
   It has a curse which improves the following skills: Melee Combat: Short
   Blades, Long Blades, Axes, Maces & Flails, Polearms, Staves and Unarmed
   Combat.
   Ranged Combat: Slings, Bows, Crossbows and Throwing.
 e - a +0 short sword
 s - a +2 dagger of draining
 u - a +2 flail of protection
 y - the +5 spear of Rotation {holy, rPois rN+ Stlth+}
   (You found it on level 5 of the Dungeon)

   It has been blessed by the Shining One to cause great damage to the undead
   and demons.
   rPois:     It protects you from poison.
   rN:        It protects you from negative energy.
   Stlth:     It makes you more stealthy.
 z - a +0 rapier
 A - a +3 falchion
Missiles
 g - 213 stones
 w - 20 poisoned darts
 G - a throwing net
 H - 2 boomerangs
 L - a curare-tipped dart
Armour
 d - a +0 leather armour
 h - a +0 ring mail
 k - a +0 robe
 n - a scarf of resistance (worn)
 r - a scarf of repulsion
Magical Staves
 O - a staff of poison
Jewellery
 b - a ring of wizardry
 v - a ring of fire
 B - the cursed ring "Restrained With Me" (right hand) {Will+, Evo, Self}
   (You found it on level 5 of the Dungeon)

   [ring of willpower]

   Will:      It increases your willpower.
   It has a curse which improves the following skills: Evocations: Evocations.
   Introspection: Fighting and Spellcasting.
 N - the ring of Lurch (left hand) {rF+ Slay+4}
   (You found it on level 6 of the Dungeon)

   [ring of protection from fire]

   Slay:      It affects your accuracy & damage with ranged weapons and melee
   (+4).
   rF:        It protects you from fire.
 P - a ring of see invisible
Wands
 t - a wand of flame (19)
 E - a wand of digging (2)
 I - a wand of iceblast (3)
Scrolls
 f - 2 scrolls of enchant armour
 i - 2 scrolls of teleportation
 m - a scroll of brand weapon
 o - 2 scrolls of enchant weapon
 C - a scroll of acquirement
 F - a scroll of fog
 J - a scroll of vulnerability
 M - a scroll of holy word
Potions
 l - 2 potions of brilliance
 p - a potion of degeneration
 q - a potion of curing
 x - a potion of attraction
 D - a potion of ambrosia
 Q - a potion of might


   Skills:
 - Level 3.6(4.5) Fighting
 + Level 4.6(5.6) Short Blades
 - Level 3.8 Dodging
 - Level 1.5 Stealth
 + Level 6.6(7.6) Spellcasting
 + Level 4.9(5.9) Evocations


You had 2 spell levels left.
You knew the following spells:

 Your Spells              Type           Power      Damage    Failure   Level
a - Freeze                Ice            100%       1d11      1%          1
b - Frozen Ramparts       Ice            60%        1d8       1%          3
c - Ozocubu's Armour      Ice            30%        N/A       1%          3
d - Hailstorm             Conj/Ice       30%        3d8       4%          4
e - Sandblast             Erth           60%        2d14      1%          1
f - Poisonous Vapours     Pois/Air       60%        N/A       1%          2
g - Portal Projectile     Hex/Tloc       60%        N/A       1%          3
h - Animate Armour        Summ/Erth      60%        N/A       4%          4
Your spell library was empty.

Dungeon Overview and Level Annotations

Branches:
Dungeon (7/15)             Temple (0/1) D:5          Bailey (1/1)

Altars:
Ashenzari
Elyvilon
Nemelex Xobeh
Ru

Shops:
D:2 [   D:5 ***   D:7 =

Annotations:
D:6 1 runed translucent door, Crazy Yiuf


Innate Abilities, Weirdness & Mutations

You are immune to sickness and miasma.
You are immune to poison.
Your flesh is very heat resistant. (rF++)
You are vulnerable to cold. (rC-)
You float through the air rather than walking.
You learn spells naturally, not from books.
Your magical power is your life essence.
You have superior vitality. (+4 HP)


Message History

Confirm with . or Enter, or press ? or * to list all spells.
Casting: Frozen Ramparts (safe; 1% risk of failure)
Press: ? - help, Dir - look around, f - activate
Okay, then.
Your icy armour will break if you move.
Continue?
Okay, then.
Your icy armour will break if you move.
Continue?
Your icy armour cracks and falls away as you move.
There is a gate leading back out of this place here.
Casting: Frozen Ramparts (safe; 1% risk of failure)
Confirm with . or Enter, or press ? or * to list all spells.
Casting: Frozen Ramparts (safe; 1% risk of failure)
Press: ? - help, Dir - look around, f - activate A gate leading back out of this place.
The walls around you are covered in ice.
The wall freezes the orc.
You kill the orc!
The orc warrior hits you from afar with a +0 halberd!!
* * * LOW HITPOINT WARNING * * *
Unknown command.
You feel much better. The orc warrior barely misses you.
Unknown command.
Your frozen ramparts will break if you move.
Continue?
The frozen ramparts melt away as you move.
An orc warrior comes into view. It is wielding a +0 spear.
The orc warrior hits you with a +0 halberd!!
The orc knight roars a battlecry!
The orc warrior goes into a battle-frenzy!
There is an empty arch of ancient stone here.
You hit the orc warrior.
The orc warrior looks even sicker.
The orc warrior is moderately wounded.
The orc warrior barely misses you.
You hit the orc warrior but do no damage.
The orc warrior looks as sick as possible!
The orc warrior is heavily wounded.
The orc warrior hits you with a +0 halberd!!
* * * LOW HITPOINT WARNING * * *
You feel better.
The orc warrior hits you with a +0 halberd!!
You die...

#### ##∩## ####
....##...##....
≈≈≈..#...#..≈≈≈
≈o≈≈.......≈≈o≈
oo≈.......≈o
≈....... #)o.#
#.@.# ##∩## ###


You could see 2 orc knights, 2 orc warriors and an orc (strong).

Vanquished Creatures
  Edmund (D:4)
  2 sky beasts
  An ice beast (D:6)
  2 ogres
  3 phantoms
  A kobold brigand (D:6)
  3 bullfrogs
  A scorpion (D:6)
  3 howler monkeys (D:7)
  A centaur zombie (D:7)
  2 orc priests
  3 hounds
  2 jellies
  A gnoll shaman (D:5)
  2 centaur skeletons (D:6)
  3 iguanas
  A hound skeleton (D:5)
  A howler monkey zombie (D:6)
  8 gnolls (D:5)
  5 adders
  An ufetubus (D:4)
  An adder skeleton (D:4)
  A worm (D:4)
  3 dart slugs
  14 orcs
  3 bats
  8 endoplasms
  2 giant cockroaches
  4 goblins
  5 hobgoblins
  8 jackals
  14 kobolds
  3 quokkas
  9 ball pythons
  A hobgoblin zombie (D:7)
  2 kobold zombies (D:7)
  An orc zombie (D:7)
  6 rats
132 creatures vanquished.

Vanquished Creatures (others)
  A plant (D:3)
1 creature vanquished.

Grand Total: 133 creatures vanquished

Notes
Turn   | Place    | Note
-------+----------+-------------------------------------------
     0 | D:1      | MacCMillion the Djinni Ice Elementalist began the quest for
                  | the Orb.
     0 | D:1      | Reached XP level 1. HP: 15/15 MP: 0/0
   409 | D:1      | Reached XP level 2. HP: 12/22 MP: 0/0
  1052 | D:1      | Reached skill level 1 in Fighting
  1314 | D:2      | Reached XP level 3. HP: 26/27 MP: 0/0
  1314 | D:2      | Learned a level 1 spell: Sandblast
  1712 | D:2      | Found a faded altar of an unknown god.
  2469 | D:2      | Found Megh's Armour Emporium.
  3201 | D:3      | Reached skill level 4 in Spellcasting
  3201 | D:3      | Reached XP level 4. HP: 30/32 MP: 0/0
  3494 | D:3      | Found a sacrificial altar of Ru.
  3590 | D:3      | Found a white marble altar of Elyvilon.
  4391 | D:4      | Reached XP level 5. HP: 31/38 MP: 0/0
  4391 | D:4      | Learned a level 2 spell: Poisonous Vapours
  4473 | D:4      | Noticed Edmund
  4768 | D:4      | Killed Edmund
  4769 | D:4      | Reached XP level 6. HP: 21/45 MP: 0/0
  5030 | D:4      | Noticed an ogre
  5042 | D:4      | Killed an ogre
  5043 | D:4      | Reached skill level 5 in Spellcasting
  5361 | D:4      | Reached XP level 7. HP: 44/50 MP: 0/0
  5361 | D:4      | Learned a level 3 spell: Portal Projectile
  5461 | D:4      | Found a broken altar of Ashenzari.
  5461 | D:4      | Found a sparkling altar of Nemelex Xobeh.
  5464 | D:4      | Became a worshipper of Ashenzari the Shackled
  5844 | D:5      | Entered Level 5 of the Dungeon
  5956 | D:5      | Found Leilyf's Elemental Accessories.
  6817 | D:5      | Identified the +5 spear of Rotation {holy, rPois rN+
                  | Stlth+}
  7312 | D:5      | Reached skill level 1 in Short Blades
  7572 | D:5      | Found Coadel's General Store.
  7575 | D:5      | Found Bejepoid's Specific Store.
  7588 | D:5      | Bought a scroll of magic mapping for 49 gold pieces
  7828 | D:5      | Reached skill level 1 in Evocations
  8367 | D:5      | Reached XP level 8. HP: 49/57 MP: 0/0
  8423 | D:5      | Found a staircase to the Ecumenical Temple.
  9162 | D:6      | Reached * piety under Ashenzari
  9712 | D:6      | Reached skill level 6 in Spellcasting
 10081 | D:6      | Reached XP level 9. HP: 48/63 MP: 0/0
 10081 | D:6      | Learned a level 4 spell: Animate Armour
 10343 | D:6      | Identified the ring of Lurch {rF+ Slay+4}
 10401 | D:6      | Found a runed translucent door.
 10402 | D:6      | Noticed Crazy Yiuf
 10546 | D:7      | Found Luzivoq's Jewellery Boutique.
 10677 | D:7      | Identified a scroll of acquirement
 10711 | D:7      | Noticed a slime creature
 10712 | D:7      | Noticed a slime creature
 10713 | D:7      | Noticed a slime creature
 11222 | D:7      | Found a flagged portal.
 11242 | Bailey   | Entered a bailey
 11242 | Bailey   | Noticed an orc knight
 11242 | Bailey   | Noticed an orc knight
 11244 | Bailey   | Noticed an orc knight
 11254 | Bailey   | HP: 1/63 [orc warrior (18)]
 11255 | Bailey   | Mangled by an orc warrior

Illustrated notes

Levels and vault maps discovered:
D:1:      minmay_arrival_five_plusses, layout_loops_cross
D:2:      layout_basic, chequers_ecumenical_altar_island, serial_shops, shop
D:3:      layout_basic, nicolae_ru_sacrificial_ziggurat,
          nicolae_elyvilon_temple_path
D:4:      layout_cave_pods, gammafunk_temple_overflow_elements, uniq_edmund
D:5:      layout_cave_pods, temple_hall, nicolae_specific_store,
          nicolae_elemental_shop
D:6:      layout_basic, uniq_crazy_yiuf_cottage
D:7:      layout_cave_pools, enter_bailey_6, serial_shops,
          nicolae_take_the_stairs, chequers_serial_rivers_micro_a,
          minmay_mini_ossuary
Bailey:   bailey_polearm_4, bailey

Skill      XL: |  1  2  3  4  5  6  7  8  9 |
---------------+----------------------------+-----
Fighting       | 1 2 3 |  3.6
Spellcasting   | 4 5 6 |  6.6
Dodging        | 3 |  3.8
Short Blades   | 1 3 4 |  4.6
Evocations     | 1 4 |  4.9
Stealth        | |  1.5

Action                   |  1- 3 |  4- 6 |  7- 9 || total
-------------------------+-------+-------+-------++-------
Melee: Unarmed           |     3 |       |       ||     3
       Short sword       |     8 |       |       ||     8
       Dagger            |     8 |    51 |   183 ||   242
 Cast: Freeze            |    51 |     3 |    10 ||    64
       Frozen Ramparts   |       |     9 |    18 ||    27
       Ozocubu's Armour  |       |     2 |    23 ||    25
       Poisonous Vapours |       |       |    25 ||    25
       Sandblast         |       |       |    19 ||    19
Invok: Curse Item        |       |       |     2 ||     2
Evoke: Wand              |       |     1 |       ||     1
  Use: Scroll            |       |       |     2 ||     2
       Potion            |       |       |     3 ||     3
 Stab: Sleeping          |     4 |     2 |     1 ||     7
Armor: Robe              |    11 |     6 |    56 ||    73
       Skin              |       |       |     6 ||     6
Dodge: Dodged            |    31 |    44 |   154 ||   229

Table legend: (Time is in decaauts)
 A = Elapsed time spent in this place.
 B = Non-inter-level travel time spent in this place.
 C = Inter-level travel time spent in this place.
 D = Time resting spent in this place.
 E = Time spent auto-exploring this place.
 F = Levels seen in this place.
 G = Mean time per level.
                   A        B        C        D        E       F      G
               +--------+--------+--------+--------+--------+-----+--------+
         Total |  11211 |  10901 |    310 |   2674 |   6650 |   8 | 1401.4 |
       Dungeon |  11199 |  10889 |    310 |   2674 |   6650 |   7 | 1599.9 |
        Bailey |     12 |     12 |      0 |      0 |      0 |   1 |   12.0 |
               +--------+--------+--------+--------+--------+-----+--------+

Top non-repeatable levels by time:
     D:5: 3087 daAuts
     D:6: 1997 daAuts
     D:2: 1732 daAuts
     D:4: 1622 daAuts
     D:1: 1463 daAuts
     D:3: 1024 daAuts
     D:7: 271 daAuts
  Bailey: 12 daAuts
